 Dungeon Crawl Stone Soup version 0.30.1-11-g7821555f0a (webtiles) character file.

Game seed: 3472995174732050847

42 lonewolfV2 the Shield-Bearer (level 3, -2/30 HPs)
             Began as a Formicid Fighter on Nov 5, 2023.
             Slain by a gnoll
             ... wielding a +0 flail
              (3 damage)
             ... on level 2 of the Dungeon.
             The game lasted 00:01:19 (450 turns).

lonewolfV2 the Shield-Bearer (Formicid Fighter)      Turns: 450, Time: 00:01:19

Health: -2/30      AC: 10    Str: 33    XL:     3   Next: 77%
Magic:  3/4        EV:  8    Int:  7    God:
Gold:   63         SH:  0    Dex: 15    Spells: 2/2 levels left

rFire   . . .        g - +3 giant club "Skullcrusher" {speed, Str+7}
rCold   . . .        (shield currently unavailable)
rNeg    . . .        b - +0 scale mail
rPois   .            (helmet unavailable)
rElec   .            (no cloak)
rCorr   .            (no gloves)
SInv    +            (no boots)
Will    .....        (no amulet) Stlth
                     f - +6 ring of strength
HPRegen 0.25/turn    i - +4 ring of protection
MPRegen 0.09/turn

%: no passive effects
@: constricted
A: permanent stasis, dig shafts and tunnels, antennae 3, four strong arms
a: Dig, Shaft Self


You were on level 2 of the Dungeon.
You visited 1 branch of the dungeon, and saw 2 of its levels.

You collected 63 gold pieces.

Inventory:

Hand Weapons
 a - a +0 war axe
 g - the +3 giant club "Skullcrusher" (weapon) {speed, Str+7}
   (You found it on level 2 of the Dungeon)

   Str:       It affects your strength (+7).
Armour
 b - a +0 scale mail (worn)
 c - a +0 buckler
Jewellery
 f - a +6 ring of strength (left hand)
 i - a +4 ring of protection (right hand)
Potions
 d - a potion of might
 e - a potion of haste {unknown}
 h - a potion of heal wounds {unknown}
 j - a potion of attraction {unknown}


   Skills:
 + Level 3.7 Fighting
 - Level 2.0 Axes
 - Level 3.2 Armour
 * Level 1.8 Dodging
 - Level 4.0 Shields
 + Level 1.5 Invocations


You had 2 spell levels left.
You didn't know any spells.
Your spell library was empty.

Dungeon Overview and Level Annotations

Branches:
Dungeon (2/15)

Altars:


Innate Abilities, Weirdness & Mutations

You cannot be hasted, slowed, berserked, paralysed or teleported.
You can dig through walls and to a lower floor.
You have a pair of large antennae on your head. (SInv)
Your four strong arms can wield two-handed weapons with a shield.


Message History

A jackal comes into view.
The gnoll hits you but does no damage.
The jackal barks!
You sock the gnoll!
The gnoll is severely wounded.
The bat hits you but does no damage. The adder bites you.
The gnoll hits you but does no damage. The bat misses you.
You closely miss the gnoll.
The gnoll is severely wounded.
The bat hits you but does no damage. The adder bites you.
The gnoll hits you but does no damage. The gnoll hits you with a +0 flail.
The bat hits you but does no damage.
You bludgeon the gnoll!!
You kill the gnoll!
The bat hits you but does no damage.
A jackal comes into view.
The adder bites you but does no damage. The gnoll hits you with a +0 flail.
The bat hits you but does no damage. The adder barely misses you.
A jackal comes into view.
The gnoll closely misses you. The adder barely misses you.
The bat barely misses you.
You see here a +0 whip.
You closely miss the gnoll. The bat closely misses you.
The gnoll closely misses you.
A dart slug comes into view.
You hit the gnoll.
The gnoll is heavily wounded.
The jackal closely misses you. The adder bites you.
The ball python barely misses you. The ball python grabs you.
The ball python constricts you. The gnoll hits you with a +0 flail!
* * * LOW HITPOINT WARNING * * *
The jackal bites you.
* * * LOW HITPOINT WARNING * * *
You closely miss the gnoll.
The gnoll is heavily wounded.
The adder bites you but does no damage. The ball python closely misses you.
The ball python constricts you.
A goblin comes into view. It is wielding a +0 club.
The gnoll hits you with a +0 flail.
You die...

# # ##. .# gw#.. ####.#
#....## .....# ....h..
.....# .#..#.. .....#
.....hh#.....#
....!bg@.....#
.....(SS###############
(......h###.....#.....#
.......................
.##..#....†...<).......
#.#.#.................
#).#.###?..............
.. #...##.............
#...#.#..#....).......


You could see a gnoll, an adder, a dart slug, 4 jackals, a goblin (wandering), a
bat and a ball python.

Vanquished Creatures
  2 gnolls (D:2)
  3 ball pythons
  An endoplasm (D:1)
  A giant cockroach (D:1)
  3 goblins (D:1)
  3 hobgoblins (D:1)
  A quokka (D:2)
  3 frilled lizards (D:1)
  3 kobolds
  A rat (D:1)
21 creatures vanquished.

Notes
Turn   | Place    | Note
-------+----------+-------------------------------------------
     0 | D:1      | lonewolfV2 the Formicid Fighter began the quest for the
                  | Orb.
     0 | D:1      | Reached XP level 1. HP: 18/18 MP: 1/1
    62 | D:1      | Reached XP level 2. HP: 24/24 MP: 2/2
    70 | D:1      | Reached skill level 1 in Dodging
   260 | D:1      | Reached skill level 1 in Invocations
   337 | D:1      | Found a faded altar of an unknown god.
   359 | D:2      | Found the +3 giant club "Skullcrusher" {speed, Str+7}
   375 | D:2      | Reached XP level 3. HP: 29/29 MP: 3/3
   449 | D:2      | HP: 1/30 [jackal (2)]
   450 | D:2      | Slain by a gnoll

Illustrated notes

Levels and vault maps discovered:
D:1:      lightli_arrival_windingriver, layout_basic,
          ebering_ecumenical_altar_mist
D:2:      layout_rooms, amcnicky_mini_rare_corridor_liquid,
          minmay_pentomino_pile

Skill      XL: |  1  2 |
---------------+-------+-----
Dodging        | 1 |  1.8
Invocations    | 1 |  1.5
Fighting       | |  3.7
Axes           | |  2.0
Armour         | |  3.2
Shields        | |  4.0

Action                     || total
---------------------------++-------
  Melee: War axe           ||    36
         Giant club        ||     9
    Use: Scroll            ||     1
 Armour: Scale mail        ||    40
  Dodge: Dodged            ||    35
  Block: Buckler           ||    19
